Map: Lerilak Crest

Players

Recognized

  • Race: Zerg Zerg
  • League: Grandmaster

MorN - Winner!

  • Race: Terran Terran
  • League: Master

VOD

Have the link to the VOD?

Description

Time

  • Played on: Dec. 19, 2015, 2 a.m.
  • Length: 12:29
Show
View Real Time Build Order
Export as new Build Order

Recognized Zerg 

Build Orders: Hatch First, Muta Ling Bane 

Get SALT Encoding   

  12  0:01  Drone  
  13  0:08  Drone  
  14  0:16  Overlord  
  14  0:34  Drone x2  
  14  0:35  Drone  
  17  0:53  Hatchery  
  17  0:55  Drone  
  17  0:57  Extractor  
  17  1:00  Drone  
  17  1:15  Spawning Pool  
  17  1:17  Drone  
  17  1:21  Drone  
  18  1:29  Drone  
  19  1:39  Overlord  
  19  2:01  Zergling x2  
  19  2:04  Queen x2  
  19  2:05  Zergling x4  
  26  2:11  Metabolic Boost  
  26  2:14  Drone  
  27  2:16  Drone  
  28  2:23  Drone  
  28  2:28  Drone  
  29  2:38  Drone x2  
  31  2:46  Drone  
  31  2:48  Lair  
  32  2:57  Overlord x2  
  32  3:06  Drone x2  
  34  3:22  Drone  
  34  3:23  Drone x4  
  34  3:24  Hatchery  
  38  3:33  Drone  
  39  3:34  Drone x3  
  39  3:35  Drone  
  39  3:39  Extractor  
  42  3:41  Extractor  
  40  3:55  Drone x7  
  43  3:56  Drone  
  48  4:05  Spire  
  48  4:09  Overlord  
  47  4:10  Overlord  
  47  4:19  Drone  
  47  4:20  Drone  
  50  4:24  Zergling x6  
  50  4:27  Zergling x6, Extractor  
  54  4:35  Zergling x2  
  54  4:36  Zergling x4  
  57  4:42  Evolution Chamber x2  
  57  4:45  Baneling Nest  
  54  4:49  Drone x3  
  57  5:02  Queen  
  57  5:03  Drone  
  57  5:04  Drone x6  
  66  5:08  Zerg Melee Weapons Level 1  
  66  5:13  Zerg Ground Armor Level 1  
  66  5:21  Zerg Flyer Weapons Level 1  
  66  5:22  Overlord x2  
  66  5:28  Centrifical Hooks  
  66  5:32  Overlord  
  66  5:33  Overlord  
  66  5:41  Mutalisk, Overseer  
  66  5:42  Mutalisk x2  
  70  5:47  Drone x2  
  74  6:01  Mutalisk  
  74  6:03  Mutalisk  
  76  6:06  Zergling x2  
  76  6:07  Zergling x24  
  91  6:14  Drone x4  
  91  6:18  Overlord  
  93  6:36  Mutalisk  
  93  6:37  Mutalisk x2  
  99  6:47  Extractor x2  
  99  6:48  Mutalisk  
  99  6:50  Overlord x3  
  99  7:00  Drone  
  97  7:06  Mutalisk x2  
  97  7:08  Mutalisk  
  102  7:22  Drone  
  103  7:25  Drone x12  
  103  7:26  Drone x2  
  117  7:32  Baneling  
  117  7:33  Baneling x10  
  117  7:45  Mutalisk  
  117  7:46  Mutalisk  
  121  7:54  Zergling x2  
  121  7:55  Zergling x14  
  129  7:58  Burrow  
  129  8:07  Overlord  
  129  8:08  Overlord x2  
  129  8:19  Extractor  
  128  8:20  Hatchery  
  128  8:22  Extractor  
  124  8:42  Mutalisk  
  124  8:43  Mutalisk x7  
  104  9:05  Zergling x16  
  99  9:20  Zergling x2  
  99  9:21  Zergling x4  
  99  9:22  Zerg Melee Weapons Level 2  
  99  9:23  Zerg Ground Armor Level 2  
  101  9:28  Baneling x2  
  95  9:39  Zergling x12  
  96  9:55  Zergling x2  
  96  9:56  Zergling x12  
  103  10:02  Baneling x2  
  103  10:03  Baneling x6  
  91  10:33  Mutalisk x11  
  103  10:36  Baneling  
  103  10:37  Baneling x4  
  103  10:40  Zergling x2  
  103  10:41  Zergling x12  
  108  11:01  Hatchery  
  108  11:02  Extractor  
  108  11:03  Extractor  
  97  11:06  Zergling x18  
  97  11:11  Queen  
  97  11:16  Zergling x2  
  97  11:17  Zergling x4  
  102  11:25  Mutalisk x3  
  104  11:28  Baneling  
  104  11:29  Baneling x4  
  104  11:31  Zergling x2, Baneling  
  96  11:53  Zergling x10  
  96  11:54  Zergling x2  
  84  12:05  Zergling x6  
  87  12:10  Infestation Pit  
  87  12:13  Baneling x4  
  87  12:15  Baneling  
Show
View Real Time Build Order
Export as new Build Order

MorN Terran - Winner!

Build Orders: Reaper Expand, MMM Bio 

Get SALT Encoding   

  12  0:00  SCV  
  13  0:13  SCV  
  14  0:18  Supply Depot  
  14  0:25  SCV  
  15  0:39  SCV  
  15  0:40  Barracks  
  16  0:46  Refinery  
  16  0:53  SCV  
  17  1:05  SCV  
  18  1:18  SCV  
  19  1:30  Reaper  
  19  1:31  Orbital Command  
  20  1:42  Command Center  
  20  1:58  Supply Depot  
  20  1:59  SCV  
  21  2:09  Barracks Reactor  
  21  2:11  SCV  
  22  2:32  SCV  
  22  2:35  Factory  
  23  2:45  Marine x2  
  23  2:47  SCV  
  26  2:52  Command Center  
  26  2:54  Refinery  
  26  2:59  SCV, Orbital Command  
  26  3:04  Marine  
  28  3:11  SCV  
  29  3:19  Factory Tech Lab, Starport  
  29  3:23  SCV  
  30  3:28  SCV  
  30  3:30  Marine x2  
  32  3:35  SCV  
  32  3:40  SCV, Siege Tank  
  37  3:47  SCV  
  38  3:51  Marine x2  
  38  3:52  SCV  
  41  3:59  SCV, Medivac  
  44  4:04  SCV  
  44  4:05  Orbital Command  
  44  4:09  Marine x2  
  47  4:11  SCV  
  48  4:19  SCV  
  48  4:22  Supply Depot  
  48  4:23  SCV  
  50  4:24  Supply Depot  
  50  4:25  Factory Tech Lab  
  50  4:31  SCV  
  51  4:36  SCV, Banshee  
  55  4:40  SCV  
  55  4:43  SCV  
  59  4:48  SCV  
  60  4:57  Barracks  
  58  5:00  Factory Reactor  
  58  5:01  SCV x2  
  58  5:04  Barracks  
  58  5:06  Marine  
  61  5:08  SCV, Stimpack  
  61  5:13  SCV, Supply Depot  
  63  5:26  SCV x2, Marine  
  63  5:28  Refinery  
  66  5:29  Refinery, Starport Reactor  
  66  5:30  Engineering Bay  
  66  5:31  Engineering Bay  
  66  5:38  SCV, Barracks  
  66  5:39  Barracks  
  67  5:42  Supply Depot  
  67  5:43  Marine  
  67  5:44  Supply Depot  
  67  5:45  Marine x2  
  67  5:48  Orbital Command  
  70  5:53  SCV  
  70  5:56  Supply Depot  
  71  5:59  Siege Tank  
  71  6:01  Marine  
  75  6:04  Terran Infantry Weapons Level 1, Terran Infantry Armor Level 1  
  75  6:06  SCV  
  75  6:07  Supply Depot  
  76  6:20  Supply Depot  
  76  6:22  Supply Depot, Marine x2  
  76  6:23  Marine x3  
  76  6:24  SCV, Medivac x2  
  86  6:25  Supply Depot  
  86  6:27  Supply Depot  
  86  6:28  Supply Depot  
  87  6:34  Barracks Reactor x2  
  87  6:37  Siege Tank  
  89  6:40  Marine x3  
  89  6:46  Marine x2  
  92  6:51  Missile Turret  
  92  6:52  Missile Turret  
  92  6:55  SCV x3, Missile Turret  
  95  7:03  Marine x2  
  95  7:04  Marine x2  
  95  7:05  Marauder  
  95  7:07  SCV x2  
  96  7:09  Combat Shields, Medivac  
  94  7:16  SCV  
  94  7:18  Armory  
  94  7:21  SCV, Marine  
  97  7:23  Factory Reactor  
  97  7:24  Marine x4  
  97  7:25  Marine  
  97  7:26  SCV  
  103  7:33  SCV x2  
  103  7:35  Supply Depot  
  103  7:37  Missile Turret  
  105  7:39  Missile Turret  
  105  7:41  Missile Turret  
  105  7:42  Marine x2  
  105  7:43  Medivac, Marine  
  109  7:47  SCV x2  
  109  7:48  SCV  
  109  7:50  Supply Depot  
  112  7:57  Marine x3  
  117  7:58  Marauder  
  117  7:59  SCV  
  117  8:03  Supply Depot  
  118  8:12  Terran Infantry Weapons Level 2, Terran Infantry Armor Level 2  
  118  8:14  Supply Depot  
  118  8:15  Medivac  
  119  8:24  Marine x4  
  119  8:25  Marine x5  
  126  8:42  Marine x3  
  126  8:43  Marauder  
  126  8:46  Marine  
  126  8:47  Marine x2  
  134  8:50  Medivac x2  
  134  8:51  Barracks  
  134  8:53  Barracks  
  138  9:01  Marine x2  
  138  9:02  Marine x3  
  115  9:05  Marauder  
  115  9:06  Marine  
  115  9:07  Marine  
  115  9:09  Marine  
  105  9:17  Command Center, Refinery  
  105  9:18  Refinery  
  105  9:19  Marine x4  
  105  9:20  Marine  
  105  9:21  Medivac, Widow Mine x2  
  105  9:22  Medivac  
  118  9:24  Marine x2  
  118  9:26  Marauder  
  118  9:27  Marine  
  123  9:37  Marine x4  
  119  9:44  Marine x4  
  120  9:47  Marauder  
  120  9:49  Widow Mine x2  
  120  9:52  Liberator x2, Marine x2  
  125  9:54  Marine  
  125  9:55  Marine x3  
  125  9:56  Supply Depot  
  127  10:09  Marauder  
  135  10:20  SCV x2  
  135  10:21  Marine x3  
  139  10:22  Widow Mine x2  
  139  10:24  Marine x2  
  131  10:28  Marine  
  131  10:29  Marine x2  
  131  10:30  Marine x2, Marauder  
  130  10:38  Marine  
  130  10:39  Marine x2  
  130  10:42  Marine x2  
  135  10:46  Marine x3  
  135  10:47  SCV  
  135  10:48  Marine x2  
  141  10:52  Marauder  
  141  10:56  Marine x3  
  144  11:00  Marine x2  
  144  11:02  Missile Turret x2, Liberator x2  
  144  11:04  Marine x3  
  144  11:06  Marine x2  
  133  11:13  Marauder  
  133  11:14  Marine x3  
  133  11:18  Marine x2  
  135  11:22  Marine x3  
  140  11:26  Planetary Fortress  
  140  11:28  Marine x2  
  140  11:32  Marine x2  
  144  11:34  Marine, Marauder  
  144  11:35  Marine x2  
  142  11:43  Marine x2  
  142  11:46  Marine x2  
  139  11:48  Marine  
  139  11:50  Marine x2  
  139  11:52  Marine  
  139  11:53  Marine x2  
  133  11:56  Marauder  
  133  12:00  Marine  
  133  12:01  Marine  
  129  12:04  Marine x2  
  129  12:06  Marine  
  129  12:07  Marine  
  129  12:08  Marine  
  139  12:10  Marine  
  139  12:11  Marine  
Tags
 
Add a new tag
Caveats
  • Supply blocks, unpowered buildings, or Contaminate may cause inaccurate times.
  • Supply counts are checked every 10 seconds.